 Dungeon Crawl Stone Soup version 0.27-a0-695-gb4952372f7 (webtiles) character file.

Game seed: 14382170330997716622

301 Dreamer the Skirmisher (level 6, 0/49 HPs)
             Began as a Formicid Berserker on Mar 21, 2021.
             Was a Believer of Trog.
             Slain by an orc priest
             ... wielding a +0 club
              (4 damage)
             ... on level 5 of the Dungeon on Mar 22, 2021.
             The game lasted 00:17:17 (5111 turns).

Dreamer the Skirmisher (Formicid Berserker)         Turns: 5111, Time: 00:17:17

Health: 0/49       AC: 10    Str: 24    XL:     6   Next: 64%
Magic:  6/6        EV:  8    Int:  6    God:    Trog [**....]
Gold:   289        SH:  0    Dex: 10    Spells: 5/5 levels left

rFire    . . .     SeeInvis +   a - +0 mace
rCold    . . .     Faith    .   c - +0 buckler
rNeg     . . .     Spirit   .   r - +0 chain mail
rPois    .         Reflect  +   (helmet unavailable)
rElec    .         Harm     .   (no cloak)
rCorr    .         Rampage  .   (no gloves)
Will     .....                  y - +0 pair of boots
Stlth    ..........             k - amulet of reflection
HPRegen  0.16/turn              (no ring)
MPRegen  0.10/turn              (no ring)

@: confused
A: permanent stasis, dig shafts and tunnels, antennae 3, four strong arms
a: Dig, Shaft Self, Renounce Religion, Trog's Hand


You were on level 5 of the Dungeon.
You worshipped Trog.
Trog was pleased with you.
You visited 1 branch of the dungeon, and saw 5 of its levels.

You collected 289 gold pieces.

Inventory:

Hand Weapons
 a - a +0 mace (weapon)
Armour
 c - a +0 buckler (worn)
 r - a +0 chain mail (worn)
 y - a +0 pair of boots (worn)
Jewellery
 k - an amulet of reflection (around neck)
 m - a ring of flight
 t - a ring of protection from cold
 x - an amulet of regeneration
Wands
 p - a wand of iceblast (5)
Scrolls
 b - a scroll of vulnerability {unknown}
 d - a scroll of magic mapping {unknown}
 e - a scroll of brand weapon {unknown}
 f - 7 scrolls of identify {unknown}
 j - 2 scrolls of teleportation {unknown}
 n - 2 scrolls of amnesia {unknown}
 o - a scroll of enchant armour {unknown}
 u - a scroll of noise {unknown}
 w - a scroll of random uselessness {unknown}
Potions
 g - a potion of might {unknown}
 h - a potion of brilliance {unknown}
 i - a potion of attraction {unknown}
 l - a potion of mutation {unknown}
 q - a potion of lignification {unknown}
 s - a potion of magic {unknown}
 v - a potion of curing {unknown}
 z - a potion of degeneration {unknown}


   Skills:
 + Level 4.7 Fighting
 + Level 4.3 Maces & Flails
 + Level 4.0 Armour
 - Level 1.7 Dodging
 + Level 3.3 Shields


You had 5 spell levels left.
You didn't know any spells.
Your spell library was empty.

Dungeon Overview and Level Annotations

Branches:
Dungeon (5/15)
 Temple: D:4-7

Altars:
Cheibriados
Kikubaaqudgha
Vehumet

Shops:
D:3 [   D:4 =

Annotations:
D:2 Sigmund


Innate Abilities, Weirdness & Mutations

You cannot be hasted, slowed, berserked, paralysed or teleported.
You can dig through walls and to a lower floor.
You have a pair of large antennae on your head. (SInv)
Your four strong arms can wield two-handed weapons with a shield.


Message History

Beogh smites you!
You bump into the rock wall.
The orc wizard barely misses you. The orc wizard casts a spell at you.
The magic dart hits you. The orc closely misses you.
You closely miss the orc wizard.
You feel less confused.
The orc wizard hits you but does no damage.
You block the orc's attack. The orc wizard casts a spell at you.
You are confused.
Okay, then.
The orc priest mumbles some strange prayers to Beogh against you.
Beogh smites you!
* * * LOW HITPOINT WARNING * * *
Unknown command.
What are your orders? t - Shout!
Anything else - Cancel.
Okay, then.
The orc barely misses you.
Unknown command.
Welcome back, Dreamer the Formicid Berserker.
Trog says: Kill them all!
Press ? for a list of commands and other information.
Your chain mail prevents you from hitting the orc.
You closely miss the orc wizard.
The orc priest casts a cantrip, but nothing happens.
The orc barely misses you. The orc wizard casts a spell at you.
You resist with some effort.
You miss the orc wizard. The orc wizard barely misses you.
The orc barely misses you.
The orc wizard points at you and mumbles some strange words.
You are more confused.
The orc barely misses you.
You barely miss the orc. The orc hits you but does no damage.
The orc wizard barely misses you.
The orc hits you with a +2 antimagic hand axe.
* * * LOW HITPOINT WARNING * * *
The orc priest hits you with a +0 club.
You die...

#######
.......
.......
.......
.......
.......#######
....$........#
.......oo....#
.......o@?...+
#####+#o.....#
#......##
#.........
#.........
#.........
#.........
#.........
#.....####


You could see an orc priest, an orc wizard and 2 orcs.

Vanquished Creatures
  A howler monkey (D:5)
  A hound (D:4)
  Jessica (D:2)
  2 iguanas
  Ijyb (D:3)
  A worker ant zombie (D:4)
  4 adders (D:2)
  A worm (D:3)
  3 dart slugs
  3 leopard geckos
  3 orcs (D:4)
  4 giant cockroaches
  10 goblins
  8 hobgoblins
  2 jackals (D:2)
  4 kobolds (D:3)
  A quokka (D:3)
  10 bats
  4 frilled lizards
  6 rats
70 creatures vanquished.

Notes
Turn   | Place    | Note
-------+----------+-------------------------------------------
     0 | D:1      | Dreamer the Formicid Berserker began the quest for the Orb.
     0 | D:1      | Reached XP level 1. HP: 18/18 MP: 1/1
   272 | D:1      | Reached XP level 2. HP: 22/24 MP: 2/2
   786 | D:1      | Reached skill level 1 in Shields
   789 | D:1      | Reached XP level 3. HP: 26/29 MP: 3/3
  1485 | D:2      | Reached XP level 4. HP: 37/37 MP: 4/4
  1727 | D:2      | Reached ** piety under Trog
  1803 | D:2      | Noticed Jessica
  1812 | D:2      | Killed Jessica
  1963 | D:2      | Noticed Sigmund
  2020 | D:2      | Reached XP level 5. HP: 42/42 MP: 5/5
  2797 | D:3      | Found an ancient bone altar of Kikubaaqudgha.
  2876 | D:3      | Noticed Ijyb
  3173 | D:3      | Killed Ijyb
  3472 | D:3      | Found Reg Oset's Armour Emporium.
  4075 | D:4      | Noticed an ogre
  4113 | D:4      | Reached XP level 6. HP: 49/49 MP: 6/6
  4395 | D:4      | Found a snail-covered altar of Cheibriados.
  4610 | D:4      | Found a radiant altar of Vehumet.
  4628 | D:4      | Identified the +6 hand axe "Awkaten" {antimagic, Fragile
                  | rPois rC- Int+6}
  4702 | D:4      | Found Suahiuwk's Jewellery Boutique.
  4959 | D:5      | Entered Level 5 of the Dungeon
  5107 | D:5      | Upgraded the game from 0.27-a0-686-gaed091b46b to
                  | 0.27-a0-695-gb4952372f7
  5111 | D:5      | Slain by an orc priest

Illustrated notes

Levels and vault maps discovered:
D:1:      dpeg_arrival_rooms_with_view, layout_rooms, minmay_heptomino_w4
D:2:      layout_basic, serial_park_tiny_2, uniq_jessica, uniq_sigmund
D:3:      layout_basic, marbit_many_paths, serial_shops,
          nicolae_shop_statue_plus, grunt_ministairs_14, uniq_ijyb
D:4:      layout_cave_pods, kennysheep_slug_shrine, kennysheep_mini,
          serial_shops, kennysheep_little_box
D:5:      layout_gridville, old_standard_altar, nicolae_overflow_hidden_temple,
          grunt_tough_drop

Skill      XL: |  1  2  3  4  5  6 |
---------------+-------------------+-----
Shields        | 1 2 3 |  3.3
Armour         | 3 4 |  4.0
Fighting       | 4 |  4.7
Maces & Flails | 4 |  4.3
Dodging        | |  1.7

Action                   |  1- 3 |  4- 6 || total
-------------------------+-------+-------++-------
Melee: Mace              |   106 |   174 ||   280
Invok: Trog's Hand       |       |     2 ||     2
 Abil: Dig               |     1 |    11 ||    12
Armor: Animal skin       |     7 |       ||     7
       Scale mail        |    32 |    29 ||    61
       Chain mail        |       |    25 ||    25
Dodge: Dodged            |    57 |    63 ||   120
Block: Buckler           |     7 |    67 ||    74
       Reflection        |       |     1 ||     1

Table legend: (Time is in decaauts)
 A = Elapsed time spent in this place.
 B = Non-inter-level travel time spent in this place.
 C = Inter-level travel time spent in this place.
 D = Time resting spent in this place.
 E = Time spent auto-exploring this place.
 F = Levels seen in this place.
 G = Mean time per level.
                   A        B        C        D        E       F      G
               +--------+--------+--------+--------+--------+-----+--------+
         Total |   5194 |   5178 |     16 |   1108 |   2617 |   5 | 1038.8 |
       Dungeon |   5194 |   5178 |     16 |   1108 |   2617 |   5 | 1038.8 |
               +--------+--------+--------+--------+--------+-----+--------+

Top non-repeatable levels by time:
     D:2: 1878 daAuts
     D:3: 1178 daAuts
     D:1: 1120 daAuts
     D:4: 863 daAuts
     D:5: 154 daAuts
